 Dungeon Crawl Stone Soup version 0.24.0-1-gfbc8707122 (webtiles) character file.

Game seed: 2975043502263040602, levelgen mode: deterministic

5543 MTVSty1e the Severer (level 10, -4/81 HPs)
             Began as a Minotaur Fighter on Oct 28, 2019.
             Was a Believer of Okawaru.
             Slain by Erolcha
             ... wielding a +0 giant spiked club
              (22 damage)
             ... on level 12 of the Dungeon.
             The game lasted 00:10:21 (8671 turns).

MTVSty1e the Severer (Minotaur Fighter)             Turns: 8671, Time: 00:10:21

Health: -4/81      AC: 11    Str: 24    XL:     10   Next: 43%
Magic:  9/9        EV:  7    Int:  5    God:    Okawaru [**....]
Gold:   185        SH:  0    Dex: 10    Spells: 9/9 levels left

rFire    x . .     SeeInvis .   a - +0 war axe
rCold    + . .     Gourm    .   c - +0 shield
rNeg     . . .     Faith    .   b - +1 scale mail
rPois    .         Spirit   .   (helmet restricted)
rElec    .         Reflect  .   p - +1 cloak {MR+}
rCorr    .         Harm     .   d - +0 pair of gloves
MR       +....                  (no boots)
Stlth    ..........             (no amulet)
HPRegen  0.23/turn              l - ring of ice
MPRegen  0.11/turn              (no ring)

@: confused, lethally poisoned (-4 -> -6)
A: retaliatory headbutt, horns 2
a: Heroism, Renounce Religion


You were on level 12 of the Dungeon.
You worshipped Okawaru.
Okawaru was pleased with you.
You were not hungry.

You visited 2 branches of the dungeon, and saw 11 of its levels.

You collected 399 gold pieces.
You spent 214 gold pieces at shops.

Inventory:

Hand Weapons
 a - a +0 war axe (weapon)
Armour
 b - a +1 scale mail (worn)
 c - a +0 shield (worn)
 d - a +0 pair of gloves (worn)
 p - a +1 cloak of magic resistance (worn)
Jewellery
 l - a ring of ice (left hand)
 t - an uncursed ring of see invisible {unknown}
Wands
 n - a wand of disintegration (5)
 w - a wand of enslavement (3)
Scrolls
 e - 8 scrolls of remove curse
 g - a scroll of fear
 o - 2 scrolls of teleportation
 s - 4 scrolls of enchant armour
Potions
 h - 3 potions of lignification
 j - 2 potions of agility
 k - 2 potions of flight {unknown}
 m - a potion of resistance
 q - a potion of cancellation
 r - a potion of berserk rage {unknown}
 u - a potion of brilliance {unknown}
 v - a potion of mutation {unknown}
 x - a potion of degeneration {unknown}
 z - a potion of magic
Comestibles
 f - 8 rations


   Skills:
 + Level 5.1 Fighting
 * Level 16.7 Axes
 + Level 5.1 Armour
 - Level 3.6 Shields


You had 9 spell levels left.
You didn't know any spells.
Your spell library contained the following spells:

 Spells                   Type           Power        Failure   Level  Hunger
 Magic Dart               Conj           #...         99%         1    ##.....
 Summon Small Mammal      Summ           #...         99%         1    ##.....
 Blink                    Tloc           N/A          100%        2    ###....
 Call Imp                 Summ           #.......     100%        2    ###....
 Slow                     Hex            #.......     100%        2    ###....
 Call Canine Familiar     Summ           #.......     100%        3    ####...
 Conjure Flame            Conj/Fire      #.......     100%        3    ####...
 Mephitic Cloud           Conj/Pois/Air  #.......     100%        3    ####...
 Summon Guardian Golem    Hex/Summ       #.......     100%        3    ####...
 Summon Ice Beast         Ice/Summ       #.......     100%        4    #####..
 Summon Lightning Spire   Summ/Air       #.......     100%        4    #####..


Dungeon Overview and Level Annotations

Branches:
Dungeon (9/15)             Temple (1/1) D:7            Lair (0/6) D:9
    Orc: D:9-12

Altars:
Ashenzari
Cheibriados
Dithmenos
Elyvilon
Fedhas
Gozag
Kikubaaqudgha
Makhleb
Nemelex Xobeh
Okawaru
Qazlal
Ru
Sif Muna
Trog
Uskayaw
Vehumet
Xom
Yredelemnul
Zin
The Shining One

Shops:
D:7 [*[%   D:8 !

Annotations:
D:12 Erolcha


Innate Abilities, Weirdness & Mutations

You reflexively headbutt those who attack you in melee.
You have a pair of horns on your head.


Message History

No target in view!
Unknown command.
You closely miss something. You headbutt something.
You feel sick. Something hits you. Something hits you!!
You slash something!
You feel sick. Something hits you.
You closely miss something. Your headbutt misses something.
You slash something! Something hits you but does no damage.
You hear some strange, mumbled words.
A stone arrow appears from out of thin air!
The stone arrow hits you!
You closely miss something.
You feel sick. Something completely misses you. Something hits you!!
* * * LOW HITPOINT WARNING * * *
You closely miss something. You miss something.
Something hits you but does no damage.
You are confused.
You feel invigorated.
You feel sick. Something hits you.
* * * LOW HITPOINT WARNING * * *
Something hits you!!
You die...

.........#
.........#
.........#
.........#
.........#
.........#
.......{)+
.......@.#
######+###


There were no monsters in sight!

Vanquished Creatures
  Pikel (D:5)
  Joseph (D:7)
  An elephant (D:9)
  Grinder (D:5)
  Prince Ribbit (D:7)
  A hippogriff (D:9)
  Menkaure (D:7)
  2 ice beasts (D:8)
  An orc warrior (D:6)
  A sky beast (D:7)
  5 ogres
  A black bear (D:8)
  A phantom (D:4)
  3 slaves (D:5)
  3 centaurs
  2 crocodiles (D:9)
  Blork the orc (D:5)
  5 bullfrogs (D:8)
  4 scorpions
  12 killer bees
  3 wights (D:9)
  3 crimson imps
  4 jellies
  10 orc wizards
  An orc priest (D:6)
  3 hounds
  2 bullfrog skeletons
  2 centaur skeletons (D:5)
  Ijyb (D:5)
  Natasha (thrice) (D:4)
  6 worker ants
  2 hound zombies
  A hound skeleton (D:9)
  4 adders
  An adder zombie (D:4)
  5 worms
  2 dart slugs (D:3)
  9 leopard geckos
  37 orcs
  6 giant cockroaches
  5 goblins
  5 hobgoblins
  8 jackals (D:3)
  7 kobolds
  2 quokkas
  8 bats
  5 frilled lizards
  A jackal skeleton (D:5)
  A leopard gecko skeleton (D:4)
  6 rats
201 creatures vanquished.

Notes
Turn   | Place    | Note
-------+----------+-------------------------------------------
     0 | D:1      | MTVSty1e the Minotaur Fighter began the quest for the Orb.
     0 | D:1      | Reached XP level 1. HP: 19/19 MP: 0/0
    98 | D:1      | Reached skill level 3 in Axes
   147 | D:1      | Reached XP level 2. HP: 22/26 MP: 1/1
   669 | D:2      | Reached skill level 4 in Axes
   720 | D:2      | Reached XP level 3. HP: 31/31 MP: 2/2
   769 | D:2      | Reached skill level 5 in Axes
  1137 | D:2      | Reached XP level 4. HP: 39/39 MP: 3/3
  1165 | D:2      | Found a hide-covered altar of Uskayaw.
  1166 | D:2      | Found a snail-covered altar of Cheibriados.
  1351 | D:2      | Found a shadowy altar of Dithmenos.
  1660 | D:3      | Reached skill level 6 in Axes
  2031 | D:3      | Reached XP level 5. HP: 42/45 MP: 4/4
  2497 | D:4      | Reached skill level 7 in Axes
  2526 | D:4      | Found a blossoming altar of Fedhas.
  2526 | D:4      | Noticed Natasha
  2537 | D:4      | Killed Natasha
  2537 | D:4      | Reached XP level 6. HP: 51/51 MP: 5/5
  2607 | D:4      | Reached skill level 8 in Axes
  2715 | D:4      | Noticed Natasha
  2726 | D:4      | Reached skill level 9 in Axes
  2728 | D:4      | Killed Natasha
  2783 | D:4      | Noticed Natasha
  2789 | D:4      | Killed Natasha
  2789 | D:4      | Reached XP level 7. HP: 23/57 MP: 6/6
  3408 | D:5      | Entered Level 5 of the Dungeon
  3427 | D:5      | Noticed Blork the orc
  3436 | D:5      | Reached skill level 10 in Axes
  3444 | D:5      | Killed Blork the orc
  3882 | D:5      | Reached skill level 11 in Axes
  3890 | D:5      | Reached XP level 8. HP: 59/64 MP: 7/7
  3911 | D:5      | Noticed Pikel
  3916 | D:5      | Noticed Grinder
  3932 | D:5      | Killed Pikel
  3932 | D:5      | Reached skill level 12 in Axes
  3960 | D:5      | Paralysed by Grinder for 5 turns
  3981 | D:5      | Paralysed by Grinder for 7 turns
  4008 | D:5      | Paralysed by Grinder for 3 turns
  4015 | D:5      | Killed Grinder
  4015 | D:5      | Reached skill level 13 in Axes
  4309 | D:5      | Noticed Ijyb
  4320 | D:5      | Killed Ijyb
  4465 | D:5      | Found a stormy altar of Qazlal.
  5283 | D:6      | Reached XP level 9. HP: 65/70 MP: 8/8
  5417 | D:7      | Found Bixi Adu's Assorted Antiques.
  5492 | D:7      | Found Biosok's Armour Emporium.
  5503 | D:7      | Reached skill level 14 in Axes
  5604 | D:7      | Bought a +1 cloak of magic resistance for 214 gold pieces
  5658 | D:7      | Noticed Joseph
  5669 | D:7      | Killed Joseph
  6181 | D:7      | Reached skill level 15 in Axes
  6203 | D:7      | Noticed Menkaure
  6209 | D:7      | Killed Menkaure
  6212 | D:7      | Found Lioxkyt's Food Shop.
  6402 | D:7      | Found a staircase to the Ecumenical Temple.
  6427 | Temple   | Entered the Ecumenical Temple
  6541 | Temple   | Became a worshipper of Warmaster Okawaru
  6692 | D:7      | Noticed Prince Ribbit
  6716 | D:7      | Killed Prince Ribbit
  7003 | D:7      | Found Raefeag's Antique Armour Shoppe.
  7289 | D:8      | Reached skill level 16 in Axes
  7583 | D:8      | Reached XP level 10. HP: 77/77 MP: 9/9
  7587 | D:8      | Reached * piety under Okawaru
  8254 | D:8      | Found Amesufap's Distillery.
  8517 | D:9      | Found a staircase to the Lair.
  8517 | D:9      | Noticed an elephant
  8542 | D:9      | Killed an elephant
  8542 | D:9      | Reached ** piety under Okawaru
  8564 | D:9      | Reached skill level 5 in Fighting
  8564 | D:9      | Reached skill level 5 in Armour
  8663 | D:9      | You fall into a shaft and drop 3 floors!
  8663 | D:12     | Noticed Erolcha
  8671 | D:12     | Slain by Erolcha

Levels and vault maps discovered:
D:1:      psy_arrival_terrarium, layout_loops_cross, serial_bayou,
          serial_bayou_pond_d, serial_bayou_pond_c, serial_bayou_shore_b,
          serial_bayou_pond_c, minmay_misc_feat_roman
D:2:      layout_basic, marbit_many_paths, gammafunk_temple_overflow_pools
D:3:      layout_loops_corners
D:4:      layout_rooms, fedhas_altar_2, first_ration, uniq_natasha
D:5:      layout_gridville, kennysheep_mini_moat, uniq_pikel,
          uniq_blork_the_orc, uniq_grinder, uniq_ijyb
D:6:      layout_layer_cave
D:7:      layout_basic, minmay_temple_entry_arrows, serial_shops, shop, shop,
          shop, shop, uniq_joseph, uniq_prince_ribbit1, uniq_menkaure
D:8:      layout_basic, serial_shops, shop_statue, supply_closet_lemuel
D:9:      layout_basic, old_standard_altar, kennysheep_mini, david_lair_generic
D:12:     layout_roguey, erik_orc_2, serial_curves, eino_curves_02,
          eino_curves_03, uniq_erolcha, uniq_jorgrun
Temple:   regret_index_temple_generic_petals

Skill      XL: |  1  2  3  4  5  6  7  8  9 10 |
---------------+-------------------------------+-----
Axes           | 3 4 5 6 7 9 11 13 16 | 16.7
Fighting       | 5 |  5.1
Armour         | 5 |  5.1
Shields        | |  3.6

Action                   |  1- 3 |  4- 6 |  7- 9 | 10-12 || total
-------------------------+-------+-------+-------+-------++-------
Melee: War axe           |    85 |   156 |   308 |   121 ||   670
       Headbutt          |     7 |    20 |    51 |    27 ||   105
Invok: Heroism           |       |       |       |     2 ||     2
Evoke: Wand              |       |       |     2 |       ||     2
  Use: Scroll            |       |     6 |     8 |       ||    14
       Potion            |       |       |     8 |     3 ||    11
  Eat: Chunk             |       |     5 |       |       ||     5
       Ration            |       |     1 |     4 |     1 ||     6
Armor: Scale mail        |    41 |    53 |    79 |    43 ||   216
       Skin              |       |       |    25 |       ||    25
Dodge: Dodged            |    22 |    52 |    68 |    32 ||   174
Block: Shield            |    38 |    70 |   129 |    50 ||   287
